 Dungeon Crawl Stone Soup version 0.16-a0-2611-g6d04fdd (webtiles) character file.

482 Duskembrace the Nimble (level 7, -1/50 HPs)
             Began as a Merfolk Gladiator on Nov 22, 2014.
             Slain by Prince Ribbit (14 damage)
             ... on level 4 of the Dungeon.
             The game lasted 00:13:24 (3674 turns).

Duskembrace the Nimble (Merfolk Gladiator)          Turns: 3674, Time: 00:13:24

Health: -1/50      AC:  6    Str: 15    XL:     7   Next: 12%
Magic:  7/7        EV: 19    Int:  8    God:
Gold:   195        SH:  0    Dex: 20    Spells: 0 memorised, 6 levels left

rFire  . . .     SeeInvis .     D - +0 scythe
rCold  . . .     Clarity  .     b - +0 leather armour
rNeg   . . .     SustAb   .     (no shield)
rPois  .         Gourm    .     u - +2 hat
rElec  .         Spirit   .     r - +0 cloak
rCorr  .         Warding  .     (no gloves)
rMut   .         Stasis   .     (no boots)
MR     .....                    (no amulet)
Stlth  ++........               (no ring)
                                v - +4 ring of dexterity

@: not resistant to hostile enchantments, unstealthy
A: change form in water, swift swim
a: no special abilities


You were on level 4 of the Dungeon.
You were not hungry.

You visited 1 branch of the dungeon, and saw 4 of its levels.

You collected 195 gold pieces.

Inventory:

Hand weapons
 a - a +0 quarterstaff
 D - a +0 scythe (weapon)
Missiles
 d - 2 throwing nets
 m - 3 javelins (quivered)
 B - 2 tomahawks
Armour
 b - a +0 leather armour (worn)
 c - a +0 helmet
 r - a +0 cloak (worn)
 u - a +2 hat (worn)
Jewellery
 v - a +4 ring of dexterity (left hand)
Scrolls
 e - 2 scrolls of enchant armour {unknown}
 h - a scroll of remove curse {unknown}
 j - 3 scrolls of teleportation {unknown}
 k - a scroll of noise {unknown}
 n - a scroll of immolation {unknown}
 o - a scroll of magic mapping {unknown}
 p - a scroll of amnesia {unknown}
 q - 2 scrolls of enchant weapon {unknown}
 w - 5 scrolls of identify {unknown}
 x - 3 scrolls of fog {unknown}
Potions
 g - a potion of lignification {unknown}
 i - 3 potions of haste {unknown}
 l - a potion of invisibility {unknown}
 s - a potion of berserk rage {unknown}
 z - a potion of confusion {unknown}
 A - a potion of poison {unknown}
 C - a potion of heal wounds {unknown}
Books
 y - a book of the Warp

   Spells                             Type                      Level
   Control Teleport                   Charms/Translocation         4
   Phase Shift                        Translocation                5
   Warp Weapon                        Charms/Translocation         5
   Dispersal                          Translocation                6
   Controlled Blink                   Translocation                7
   Disjunction                        Translocation                8
Comestibles
 f - 4 bread rations
 t - 3 meat rations


   Skills:
 - Level 2.1 Fighting
 - Level 3.6 Staves
 - Level 2.0 Throwing
 + Level 9.3 Dodging


You had 6 spell levels left.
You didn't know any spells.

Dungeon Overview and Level Annotations

Branches:
Dungeon (4/15)
 Temple: D:4-7

Altars:
Fedhas
Xom

Annotations:
D:4 Prince Ribbit


Message History

You kill the rat!
w - 5 scrolls labeled SKEECL FRULU (gained 1)
t - 3 meat rations (gained 1)
You hear the rapid rusting of a drain nearby.
Prince Ribbit comes into view.
Prince Ribbit hops awkwardly around.
You closely miss Prince Ribbit. Prince Ribbit barely misses you.
Prince Ribbit completely misses you.
Prince Ribbit momentarily phases out as your attack passes through him.
Prince Ribbit misses you.
Prince Ribbit hits you but does no damage.
Prince Ribbit hits you.
You closely miss Prince Ribbit. Prince Ribbit barely misses you.
Prince Ribbit hits you!
You closely miss Prince Ribbit. Prince Ribbit barely misses you.
Prince Ribbit misses you. Prince Ribbit hits you!
* * * LOW HITPOINT WARNING * * *
You completely miss Prince Ribbit. Prince Ribbit barely misses you.
Prince Ribbit hits you!
You die...

##### #...########
#..........#
######...######.#
#...F@..#...###.######
#.####..............†.
...##...###.######
######..## #.# # ..#
#.# # ### #.# # #.# #
#.# # ###.# ####


You could see Prince Ribbit.

Vanquished Creatures
  An ogre (D:4)
  Sigmund (D:4)
  A scorpion (D:4)
  An iron imp (D:3)
  A giant frog skeleton (D:4)
  Natasha (twice) (D:3)
  6 adders
  4 gnolls
  3 giant mites
  4 worms
  4 giant geckos
  A ball python (D:2)
  8 bats
  4 giant cockroaches
  11 goblins
  10 hobgoblins
  4 kobolds
  A quokka (D:2)
  4 giant newts
  6 jackals
  12 rats
89 creatures vanquished.

Notes
Turn   | Place    | Note
--------------------------------------------------------------
     0 | D:1      | Duskembrace, the Merfolk Gladiator, began the quest for the Orb.
     0 | D:1      | Reached XP level 1. HP: 16/16 MP: 1/1
    89 | D:1      | Reached XP level 2. HP: 16/22 MP: 2/2
   191 | D:1      | Reached XP level 3. HP: 24/27 MP: 3/3
   332 | D:1      | Reached skill level 5 in Dodging
  1134 | D:2      | Reached XP level 4. HP: 33/33 MP: 4/4
  1813 | D:2      | Reached skill level 6 in Dodging
  1915 | D:2      | Reached XP level 5. HP: 26/38 MP: 5/5
  2311 | D:3      | Noticed Natasha
  2314 | D:3      | Killed Natasha
  2455 | D:3      | Noticed Natasha
  2502 | D:3      | Killed Natasha
  2547 | D:3      | Found a blossoming altar of Fedhas.
  2765 | D:3      | Reached skill level 7 in Dodging
  2965 | D:4      | Reached XP level 6. HP: 16/44 MP: 6/6
  3129 | D:4      | Noticed an ogre
  3141 | D:4      | Killed an ogre
  3141 | D:4      | Reached skill level 8 in Dodging
  3210 | D:4      | Found a shimmering altar of Xom.
  3222 | D:4      | Noticed Sigmund
  3613 | D:4      | Killed Sigmund
  3613 | D:4      | Reached skill level 9 in Dodging
  3613 | D:4      | Reached XP level 7. HP: 32/50 MP: 7/7
  3668 | D:4      | Noticed Prince Ribbit
  3674 | D:4      | Slain by Prince Ribbit

Action                   |  1- 3 |  4- 6 |  7- 9 || total
-------------------------+-------+-------+-------++-------
Melee: Quarterstaff      |    65 |   235 |       ||   300
       Scythe            |       |       |     8 ||     8
Throw: Throwing net      |     1 |       |       ||     1
       Javelin           |       |     8 |       ||     8
  Eat: Chunk             |       |     7 |       ||     7
       Meat ration       |       |     1 |       ||     1
